3A
DELAWARE 1787 BC @ IDAHO FALLS CHUKARS
08/22/2024
 
TOP OF THE 1ST
Delaware 1787 BC batting - Pitching for Idaho Falls Chukars : LHP Carlos Barajas
Pitching: LHP Carlos Barajas
Batting: RHB Nobuhiko Nakayama 0-0: Ball
1-0: Foul Ball, location: 2F
1-1: Ball
2-1: Foul Ball, location: 2F
2-2: Foul Ball, location: 2F
2-2: Foul Ball, location: 2F
2-2: Ball
3-2: Base on Balls
Batting: LHB Ward Wilberfoss 0-0: Called Strike
0-1: Foul Ball, location: 2F
0-2: Ground out U3 (Groundball, 3S)
Nobuhiko Nakayama to second
Batting: LHB Russ Hanneman 0-0: Ball
1-0: Called Strike
1-1: Foul Ball, location: 2F
1-2: Strikes out swinging
Batting: RHB Gianpaolo Monachino 0-0: Foul Ball, location: 2F
0-1: Ball
1-1: Ball
2-1: Ball
3-1: Called Strike
3-2: Fly out, F8 (Flyball, 8LM)
Top of the 1st over - 0 run(s), 0 hit(s), 0 error(s), 1 left on base; Delaware 0 - Idaho Falls 0
BOTTOM OF THE 1ST
Idaho Falls Chukars batting - Pitching for Delaware 1787 BC : RHP José Cabrera
Pitching: RHP José Cabrera
Batting: RHB Fernando Granados 0-0: Ball
1-0: Ball
2-0: Ball
3-0: Called Strike
3-1: Foul Ball, location: 2F
3-2: Foul Ball, location: 2F
3-2: Base on Balls
Batting: LHB Frank Sharp 0-0: Fly out, F8 (Flyball, 8LM)
Batting: RHB Tan Bal 0-0: Ball
Fernando Granados steals 2nd base
1-0: Swinging Strike
1-1: Fly out, F8 (Line Drive, 8LM)
Batting: SHB Pablo Coloa 0-0: Ball
1-0: Fly out, F5 (Popup, 5F)
Bottom of the 1st over - 0 run(s), 0 hit(s), 0 error(s), 1 left on base; Delaware 0 - Idaho Falls 0
TOP OF THE 2ND
Delaware 1787 BC batting - Pitching for Idaho Falls Chukars : LHP Carlos Barajas
Batting: RHB Cristián Alfonso 0-0: Called Strike
0-1: Foul Ball, location: 2F
0-2: Ball
1-2: Strikes out swinging
Batting: RHB Gilberto Rodríguez 0-0: Ball
1-0: Swinging Strike
1-1: Foul Ball, location: 2F
1-2: Ground out 5-3 (Groundball, 6S)
Batting: RHB Julián García 0-0: Called Strike
0-1: Fly out, F7 (Flyball, 7M)
Top of the 2nd over - 0 run(s), 0 hit(s), 0 error(s), 0 left on base; Delaware 0 - Idaho Falls 0
BOTTOM OF THE 2ND
Idaho Falls Chukars batting - Pitching for Delaware 1787 BC : RHP José Cabrera
Batting: RHB Michael Bradshaw 0-0: DOUBLE (Line Drive, 89D)
Batting: LHB Armando Peña 0-0: Swinging Strike
0-1: Fly out, F7 (Flyball, 7M)
Batting: RHB Scott Ramsey 0-0: Ball
1-0: Called Strike
1-1: Called Strike
1-2: Ball
2-2: Foul Ball, location: 2F
2-2: Fly out, F6 (Popup, 6MD)
Batting: SHB Félix Medina 0-0: Ball
1-0: Ground out 6-3 (Groundball, 6M)
Bottom of the 2nd over - 0 run(s), 1 hit(s), 0 error(s), 1 left on base; Delaware 0 - Idaho Falls 0
TOP OF THE 3RD
Delaware 1787 BC batting - Pitching for Idaho Falls Chukars : LHP Carlos Barajas
Batting: RHB Jorge Figueroa 0-0: Ball
1-0: Ball
2-0: Ball
3-0: Called Strike
3-1: Foul Ball, location: 2F
3-2: SINGLE (Line Drive, 34)
Batting: RHB Thurman Blumer 0-0: Foul Ball, location: 2F
0-1: Called Strike
0-2: Ball
1-2: Strikes out swinging
Batting: RHB Nobuhiko Nakayama 0-0: Called Strike
Jorge Figueroa steals 2nd base
0-1: Foul Ball, location: 2F
0-2: Ball
1-2: Strikes out swinging
Batting: LHB Ward Wilberfoss 0-0: Ball
1-0: Called Strike
1-1: Ball
2-1: Ball
3-1: Base on Balls
Batting: LHB Russ Hanneman 0-0: Called Strike
0-1: Foul Ball, location: 2F
0-2: Strikes out swinging
Top of the 3rd over - 0 run(s), 1 hit(s), 0 error(s), 2 left on base; Delaware 0 - Idaho Falls 0
BOTTOM OF THE 3RD
Idaho Falls Chukars batting - Pitching for Delaware 1787 BC : RHP José Cabrera
Batting: RHB Jonah Cooney 0-0: Ball
1-0: Ball
2-0: Ball
3-0: Called Strike
3-1: Fly out, F1 (Popup, 15)
Batting: RHB Fernando Granados 0-0: Foul Ball, location: 2F
0-1: Ball
1-1: SINGLE (Line Drive, 3D)
Batting: LHB Frank Sharp 0-0: Ball
1-0: Ball
2-0: Called Strike
2-1: DOUBLE (Line Drive, 8RM)
Fernando Granados to third
Batting: RHB Tan Bal 0-0: Ball
1-0: Ball
2-0: Ball
3-0: Base on Balls
Batting: SHB Pablo Coloa 0-0: Ball
1-0: Ball
2-0: Called Strike
2-1: Ball
3-1: Base on Balls
Fernando Granados scores
Frank Sharp to third
Tan Bal to second
Batting: RHB Michael Bradshaw 0-0: Ball
1-0: SINGLE (Groundball, 34D)
Frank Sharp scores
Tan Bal to third
Pablo Coloa to second
Runner from 3rd tries for Home, SAFE, no throw or cutoff
Batting: LHB Armando Peña 0-0: Foul Ball, location: 2F
0-1: Foul Ball, location: 2F
0-2: SINGLE (Groundball, 15S) (infield hit)
Pablo Coloa to third
Michael Bradshaw to second
Batting: RHB Scott Ramsey 0-0: Fly out, F7 (Flyball, 78S)
Runner from 3rd tags up, SCORES, throw made
Batting: SHB Félix Medina 0-0: Called Strike
0-1: Foul Ball, location: 2F
0-2: Strikes out swinging
Bottom of the 3rd over - 4 run(s), 4 hit(s), 0 error(s), 2 left on base; Delaware 0 - Idaho Falls 4
TOP OF THE 4TH
Delaware 1787 BC batting - Pitching for Idaho Falls Chukars : LHP Carlos Barajas
Batting: RHB Gianpaolo Monachino 0-0: Ball
1-0: Ball
2-0: Ground out 4-3 (Groundball, 13)
Batting: RHB Cristián Alfonso 0-0: Ball
1-0: Swinging Strike
1-1: Ball
2-1: Fly out, F5 (Line Drive, 56S)
Batting: RHB Gilberto Rodríguez 0-0: Ball
1-0: Swinging Strike
1-1: Ball
2-1: Ball
3-1: Called Strike
3-2: Foul Ball, location: 2F
3-2: Foul Ball, location: 2F
3-2: Strikes out swinging
Top of the 4th over - 0 run(s), 0 hit(s), 0 error(s), 0 left on base; Delaware 0 - Idaho Falls 4
BOTTOM OF THE 4TH
Idaho Falls Chukars batting - Pitching for Delaware 1787 BC : RHP José Cabrera
Batting: RHB Jonah Cooney 0-0: Ball
1-0: Called Strike
1-1: Ground out 1-3 (Groundball, 15S)
Batting: RHB Fernando Granados 0-0: Called Strike
0-1: Called Strike
0-2: Fly out, F8 (Flyball, 8LM)
Batting: LHB Frank Sharp 0-0: Called Strike
0-1: Called Strike
0-2: Fly out, F7 (Flyball, 7M)
Bottom of the 4th over - 0 run(s), 0 hit(s), 0 error(s), 0 left on base; Delaware 0 - Idaho Falls 4
TOP OF THE 5TH
Delaware 1787 BC batting - Pitching for Idaho Falls Chukars : LHP Carlos Barajas
Batting: RHB Julián García 0-0: Called Strike
0-1: Ground out 5-3 (Groundball, 5S)
Batting: RHB Jorge Figueroa 0-0: Fly out, F6 (Line Drive, 6)
Batting: RHB Thurman Blumer 0-0: Ground out U3 (Groundball, 3)
Top of the 5th over - 0 run(s), 0 hit(s), 0 error(s), 0 left on base; Delaware 0 - Idaho Falls 4
BOTTOM OF THE 5TH
Idaho Falls Chukars batting - Pitching for Delaware 1787 BC : RHP José Cabrera
Batting: RHB Tan Bal 0-0: Called Strike
0-1: Ball
1-1: Swinging Strike
1-2: Strikes out swinging
Batting: SHB Pablo Coloa 0-0: Called Strike
0-1: Fly out, F5 (Popup, 5F)
Batting: RHB Michael Bradshaw 0-0: Ball
1-0: Ball
2-0: Called Strike
2-1: Ball
3-1: Fly out, F9 (Flyball, 9D)
Bottom of the 5th over - 0 run(s), 0 hit(s), 0 error(s), 0 left on base; Delaware 0 - Idaho Falls 4
TOP OF THE 6TH
Delaware 1787 BC batting - Pitching for Idaho Falls Chukars : LHP Carlos Barajas
Batting: RHB Nobuhiko Nakayama 0-0: Fly out, F8 (Flyball, 8LM)
Batting: LHB Ward Wilberfoss 0-0: Ball
1-0: Ball
2-0: Swinging Strike
2-1: Swinging Strike
2-2: Ball
3-2: SINGLE (Groundball, 4MD)
Batting: LHB Russ Hanneman 0-0: Ball
1-0: Foul Ball, location: 2F
1-1: Ball
2-1: Ball
3-1: Foul Ball, location: 2F
3-2: Strikes out looking
Batting: RHB Gianpaolo Monachino 0-0: Foul Ball, location: 2F
0-1: Swinging Strike
0-2: Ball
1-2: Ball
2-2: Strikes out swinging
Top of the 6th over - 0 run(s), 1 hit(s), 0 error(s), 1 left on base; Delaware 0 - Idaho Falls 4
BOTTOM OF THE 6TH
Idaho Falls Chukars batting - Pitching for Delaware 1787 BC : RHP José Cabrera
Batting: LHB Armando Peña 0-0: Ball
1-0: Swinging Strike
1-1: Foul Ball, location: 2F
1-2: Foul Ball, location: 2F
1-2: Strikes out swinging
Batting: RHB Scott Ramsey 0-0: Foul Ball, location: 2F
0-1: Fly out, F4 (Popup, 4D)
Batting: SHB Félix Medina 0-0: Ball
1-0: Ball
2-0: Ball
3-0: Base on Balls
Batting: RHB Jonah Cooney 0-0: Foul Ball, location: 2F
0-1: Ball
1-1: Called Strike
1-2: Ball
2-2: Strikes out swinging
Bottom of the 6th over - 0 run(s), 0 hit(s), 0 error(s), 1 left on base; Delaware 0 - Idaho Falls 4
TOP OF THE 7TH
Delaware 1787 BC batting - Pitching for Idaho Falls Chukars : LHP Carlos Barajas
Batting: RHB Cristián Alfonso 0-0: SINGLE (Flyball, 8RM)
Batting: RHB Gilberto Rodríguez 0-0: Ball
Cristián Alfonso is caught stealing 2nd base
1-0: Called Strike
1-1: Foul Ball, location: 2F
1-2: Fly out, F6 (Popup, 56)
Batting: RHB Julián García 0-0: Ball
1-0: Ball
2-0: Swinging Strike
2-1: Foul Ball, location: 2F
2-2: Foul Ball, location: 2F
2-2: Foul Ball, location: 2F
2-2: Fly out, F6 (Popup, 56D)
Top of the 7th over - 0 run(s), 1 hit(s), 0 error(s), 0 left on base; Delaware 0 - Idaho Falls 4
BOTTOM OF THE 7TH
Idaho Falls Chukars batting - Pitching for Delaware 1787 BC : RHP José Cabrera
Batting: RHB Fernando Granados 0-0: Ball
1-0: Ball
2-0: Swinging Strike
2-1: Foul Ball, location: 2F
2-2: Fly out, F9 (Flyball, 9M)
Batting: LHB Frank Sharp 0-0: Ball
1-0: Swinging Strike
1-1: Ground out 1-3 (Groundball, 25)
Batting: RHB Tan Bal 0-0: Foul Ball, location: 2F
0-1: Ground out 4-3 (Groundball, 34)
Bottom of the 7th over - 0 run(s), 0 hit(s), 0 error(s), 0 left on base; Delaware 0 - Idaho Falls 4
TOP OF THE 8TH
Delaware 1787 BC batting - Pitching for Idaho Falls Chukars : LHP Carlos Barajas
Batting: RHB Jorge Figueroa 0-0: Foul Ball, location: 2F
0-1: Ball
1-1: SINGLE (Line Drive, 89S)
Batting: RHB Thurman Blumer 0-0: Fly out, F9 (Flyball, 89M)
Batting: RHB Nobuhiko Nakayama 0-0: Ball
1-0: Swinging Strike
1-1: Grounds into double play, 6-4-3 (Groundball, 6)
Top of the 8th over - 0 run(s), 1 hit(s), 0 error(s), 0 left on base; Delaware 0 - Idaho Falls 4
BOTTOM OF THE 8TH
Idaho Falls Chukars batting - Pitching for Delaware 1787 BC : RHP José Cabrera
Batting: SHB Pablo Coloa 0-0: Called Strike
0-1: Foul Ball, location: 2F
0-2: Foul Ball, location: 2F
0-2: Ball
1-2: Ground out 4-3 (Groundball, 34)
Batting: RHB Michael Bradshaw 0-0: Ground out 5-3 (Groundball, 5)
Batting: LHB Armando Peña 0-0: Ball
1-0: Ball
2-0: Swinging Strike
2-1: Ball
3-1: Swinging Strike
3-2: Strikes out swinging
Bottom of the 8th over - 0 run(s), 0 hit(s), 0 error(s), 0 left on base; Delaware 0 - Idaho Falls 4
TOP OF THE 9TH
Delaware 1787 BC batting - Pitching for Idaho Falls Chukars : LHP Carlos Barajas
Batting: LHB Ward Wilberfoss 0-0: Swinging Strike
0-1: Ball
1-1: Swinging Strike
1-2: Strikes out swinging
Pitching: LHP Bastião Shwerin
Batting: LHB Russ Hanneman 0-0: Ball
1-0: Foul Ball, location: 2F
1-1: Ball
2-1: Ball
3-1: Foul Ball, location: 2F
3-2: Foul Ball, location: 2F
3-2: Ground out 4-3 (Groundball, 4)
Batting: RHB Gianpaolo Monachino 0-0: Ball
1-0: Foul Ball, location: 2F
1-1: Ball
2-1: Swinging Strike
2-2: Ball
3-2: Strikes out swinging
Top of the 9th over - 0 run(s), 0 hit(s), 0 error(s), 0 left on base; Delaware 0 - Idaho Falls 4
This league is powered by Out of the Park Baseball, the baseball management simulation game for PC, Mac and Linux
Monday, October 3rd, 2016 - OOTP Baseball 16.9 Build 39